 Dungeon Crawl Stone Soup version 0.31-a0-229-g1fc7ce93e2 (webtiles) character file.

Game seed: 14813419756636736030

145 Dirtsage the Trooper (level 5, -4/42 HPs)
             Began as a Demonspawn Monk on June 30, 2023.
             Slain by a scorpion (6 damage)
             ... on level 3 of the Dungeon on July 6, 2023.
             The game lasted 00:05:36 (1982 turns).

Dirtsage the Trooper (Demonspawn Monk)              Turns: 1982, Time: 00:05:36

Health: -4/42      AC:  7    Str: 13    XL:     5   Next: 6%
Magic:  5/5        EV: 11    Int: 12    God:
Gold:   107        SH:  0    Dex: 15    Spells: 4/4 levels left

rFire   . .          .
                       - Unarmed
rCold   . . .        d - orb {light}
rNeg    + . .        q - +0 ring mail
rPois   .            k - +0 helmet
rElec   .            (no cloak)
rCorr   .            (no gloves)
SInv    .            p - +0 pair of boots
Will    .....        (no amulet)
Stlth   +            N - ring of positive energy
HPRegen 0.27/turn    (no ring)
MPRegen 0.09/turn

%: no passive effects
@: glowing
A: hooves 1, ignite blood 1, demonic touch 1
a: no special abilities


You were on level 3 of the Dungeon.
You visited 1 branch of the dungeon, and saw 3 of its levels.

You collected 107 gold pieces.

Inventory:

Armour
 d - an orb of light (worn)
 k - a +0 helmet (worn)
 p - a +0 pair of boots (worn)
 q - a +0 ring mail (worn)
Jewellery
 N - a ring of positive energy (left hand)
Scrolls
 b - a scroll of enchant weapon {unknown}
 f - 2 scrolls of fear {unknown}
 j - a scroll of enchant armour {unknown}
 m - 6 scrolls of identify {unknown}
 n - 3 scrolls of teleportation {unknown}
 o - 2 scrolls of noise {unknown}
Potions
 c - a potion of ambrosia
 e - a potion of resistance {unknown}
 g - a potion of mutation {unknown}
 h - a potion of enlightenment {unknown}
 i - 2 potions of brilliance {unknown}


   Skills:
 + Level 3.9 Fighting
 - Level 3.2 Axes
 - Level 2.6 Dodging
 * Level 3.1 Unarmed Combat


You had 4 spell levels left.
You didn't know any spells.
Your spell library contained the following spells:

 Spells                   Type           Power      Damage    Failure   Level
 Sandblast                Erth           0%         2d4       58%         1
 Passwall                 Tmut/Erth      0%         N/A       73%         2
 Stone Arrow              Conj/Erth      0%         3d7       91%         3


Dungeon Overview and Level Annotations

Branches:
Dungeon (3/15)

Altars:

Portals:
Sewer: D:3


Innate Abilities, Weirdness & Mutations

You have large cloven feet.
Your demonic aura sometimes causes spilled blood to erupt in flames.
Your touch may inflict minor irresistible damage on your foes.


Message History

The scorpion is heavily wounded.
The scorpion stings you but does no damage.
You hit the scorpion but do no damage.
The scorpion is heavily wounded.
The scorpion stings you.
* * * LOW HITPOINT WARNING * * *
You take 4 damage, and have 7/42 hp.
You hit the scorpion but do no damage.
The scorpion is heavily wounded.
The scorpion stings you but does no damage.
You hit the scorpion.
The scorpion is severely wounded.
You hear the brisk rusting of a drain nearby.
The scorpion closely misses you. The scorpion stings you.
* * * LOW HITPOINT WARNING * * *
You take 3 damage, and have 5/42 hp.
You hit the scorpion but do no damage.
The scorpion is severely wounded.
The scorpion stings you but does no damage.
You barely miss the scorpion.
The scorpion is severely wounded.
The scorpion stings you.
* * * LOW HITPOINT WARNING * * *
You take 4 damage, and have 1/42 hp.
You hit the scorpion but do no damage.
The scorpion is severely wounded.
The scorpion stings you but does no damage.
You hit the scorpion.
The scorpion is almost dead.
The scorpion barely misses you.
You hit the scorpion but do no damage.
The scorpion is almost dead.
The scorpion stings you but does no damage.
You hit the scorpion but do no damage.
The scorpion is almost dead.
The scorpion stings you but does no damage.
You hit the scorpion but do no damage.
The scorpion is almost dead.
The scorpion stings you.
You die...

### ############.#
####............#
~~~.###########.#######.
~~~.............@s......
~~~†###########.########
#.#.#
####†.........#.#######
#.#.## ##########'#.#.....#
#.#.#. #......#.###.#
#.#.#.
####......#.#<#.######.#.#.
...........................
#######.#.#.#.#........#...
........#.#.#........)...#.


You could see a scorpion.

Vanquished Creatures
  An orc wizard (D:3)
  An adder (D:2)
  4 gnolls (D:3)
  A worm (D:2)
  A dart slug (D:1)
  2 orcs (D:3)
  7 endoplasms
  4 giant cockroaches
  4 goblins
  3 hobgoblins
  2 jackals (D:2)
  4 quokkas (D:3)
  4 ball pythons (D:1)
  8 bats
  4 frilled lizards
  8 kobolds
  4 rats
62 creatures vanquished.

Notes
Turn   | Place    | Note
-------+----------+-------------------------------------------
     0 | D:1      | Dirtsage the Demonspawn Monk began the quest for the Orb.
     0 | D:1      | Reached XP level 1. HP: 18/18 MP: 1/1
   107 | D:1      | Upgraded the game from 0.31-a0-210-gccc998df9b to
                  | 0.31-a0-229-g1fc7ce93e2
   266 | D:1      | Discovered your monstrous ancestry.
   266 | D:1      | Gained mutation: You have large cloven feet. [demonic
                  | ancestry]
   266 | D:1      | Reached XP level 2. HP: 24/24 MP: 2/2
   556 | D:1      | Reached skill level 1 in Unarmed Combat
   923 | D:2      | Reached XP level 3. HP: 28/29 MP: 3/3
  1005 | D:2      | Found a faded altar of an unknown god.
  1534 | D:3      | Noticed a +0 spear
  1536 | D:3      | Noticed a +0 falchion
  1536 | D:3      | Noticed a +0 short sword
  1536 | D:3      | Noticed a +0 short sword
  1626 | D:3      | Gained mutation: Your demonic aura sometimes causes spilled
                  | blood to erupt in flames. [demonic ancestry]
  1626 | D:3      | Reached XP level 4. HP: 27/35 MP: 4/4
  1883 | D:3      | Gained mutation: Your touch may inflict minor irresistible
                  | damage on your foes. [demonic ancestry]
  1883 | D:3      | Reached XP level 5. HP: 42/42 MP: 5/5
  1912 | D:3      | Found a glowing drain.
  1977 | D:3      | HP: 1/42 [scorpion (5)]
  1982 | D:3      | Slain by a scorpion

Illustrated notes

Levels and vault maps discovered:
D:1:      dpeg_arrival_line_fractal, layout_basic, kennysheep_minor_cross,
          moated_statue
D:2:      layout_loops_ring, ebering_ecumenical_altar_webs
D:3:      layout_basic, fiery_altar_vehumet, lemuel_doored_altar,
          nicolae_uskayaw_en_pointe, portal_sewer_entry_f,
          chequers_serial_rivers_micro_d

Skill      XL: |  1  2  3  4 |
---------------+-------------+-----
Axes           | 3 |  3.2
Unarmed Combat | 1 2 3 |  3.1
Fighting       | |  3.9
Dodging        | |  2.6

Action                     |  1- 3 |  4- 6 || total
---------------------------+-------+-------++-------
  Melee: Hand axe          |   134 |    14 ||   148
         Kick              |    14 |       ||    14
         Unarmed           |       |    83 ||    83
 Armour: Robe              |    13 |       ||    13
         Leather armour    |    10 |       ||    10
         Ring mail         |    32 |    38 ||    70
  Dodge: Dodged            |    81 |    60 ||   141

Table legend: (Time is in decaauts)
 A = Elapsed time spent in this place.
 B = Non-inter-level travel time spent in this place.
 C = Inter-level travel time spent in this place.
 D = Time resting spent in this place.
 E = Time spent auto-exploring this place.
 F = Levels seen in this place.
 G = Mean time per level.
                   A        B        C        D        E       F      G
               +--------+--------+--------+--------+--------+-----+--------+
         Total |   1997 |   1974 |     23 |      0 |   1527 |   3 |  665.7 |
       Dungeon |   1997 |   1974 |     23 |      0 |   1527 |   3 |  665.7 |
               +--------+--------+--------+--------+--------+-----+--------+

Top non-repeatable levels by time:
     D:1: 863 daAuts
     D:2: 672 daAuts
     D:3: 461 daAuts
